Map: Ever Dream LE

Players

Robbie (Rob) - Winner!

  • Race: Protoss Protoss
  • League: Grandmaster
  • Spawn Location: 1:00

Future

  • Race: Terran Terran
  • Spawn Location: 7:00

Event: DreamHack SC2 Masters 2020 Fall

VOD

Have the link to the VOD?

Description

Time

  • Played on: Sept. 3, 2020, 6:28 p.m.
  • Length: 10:03

All games in this series

Show
View Real Time Build Order
Export as new Build Order

Robbie Protoss - Winner!

Build Orders: 1 Gate Expand 

Get SALT Encoding   

  12  0:00  Probe  
  13  0:12  Probe  
  14  0:18  Pylon  
  14  0:24  Probe (Chrono Boost)  
  15  0:37  Probe (Chrono Boost), Gateway  
  16  0:45  Probe (Chrono Boost)  
  17  0:51  Probe  
  17  0:53  Assimilator  
  18  1:03  Probe  
  19  1:15  Probe  
  20  1:24  Nexus  
  19  1:33  Cybernetics Core  
  19  1:36  Probe  
  20  1:42  Assimilator  
  20  1:50  Probe  
  20  1:51  Pylon  
  21  2:02  Probe (Chrono Boost)  
  21  2:06  Adept (Chrono Boost)  
  22  2:09  Warp Gate  
  22  2:15  Probe (Chrono Boost)  
  25  2:21  Probe (Chrono Boost)  
  26  2:29  Probe, Adept  
  29  2:36  Probe  
  30  2:41  Probe  
  31  2:49  Probe  
  32  2:53  Probe  
  33  3:01  Probe, Shield Battery  
  33  3:02  Stargate  
  33  3:05  Probe  
  34  3:08  Stalker  
  36  3:13  Probe  
  36  3:17  Probe  
  38  3:25  Probe  
  39  3:29  Probe  
  39  3:38  Void Ray (Chrono Boost)  
  39  3:46  Probe x2  
  45  3:53  Pylon  
  45  3:54  Pylon  
  45  3:58  Probe  
  46  4:08  Void Ray (Chrono Boost)  
  46  4:10  Pylon  
  46  4:11  Probe  
  46  4:12  Adept  
  46  4:15  Robotics Facility  
  53  4:19  Probe  
  53  4:23  Probe  
  55  4:31  Probe  
  55  4:32  Gateway  
  55  4:34  Gateway  
  55  4:37  Pylon  
  56  4:42  Void Ray (Chrono Boost)  
  56  4:43  Pylon  
  62  4:50  Nexus  
  60  4:55  Probe x2  
  62  5:04  Assimilator  
  62  5:05  Observer (Chrono Boost)  
  62  5:06  Assimilator  
  63  5:07  Probe x2  
  63  5:08  Pylon  
  63  5:10  Void Ray (Chrono Boost)  
  69  5:19  Probe  
  69  5:20  Probe  
  71  5:29  Forge  
  71  5:32  Probe x2, Pylon  
  73  5:36  Pylon  
  73  5:42  Void Ray (Chrono Boost)  
  73  5:44  Protoss Air Weapons Level 1  
  73  5:46  Probe x2  
  73  5:47  Shield Battery  
  73  5:48  Shield Battery  
  79  5:58  Shield Battery x2  
  79  5:59  Sentry  
  79  6:04  Photon Cannon  
  81  6:15  Void Ray  
  81  6:16  Probe  
  81  6:17  Probe  
  79  6:31  Stalker  
  79  6:32  Stalker  
  83  6:40  Immortal  
  87  6:47  Probe x3  
  87  6:52  Void Ray  
  90  6:56  Protoss Ground Weapons Level 1 (Chrono Boost)  
  90  6:59  Probe x3  
  90  7:01  Stargate, Assimilator  
  97  7:03  Assimilator  
  97  7:11  Probe x2  
  97  7:12  Probe  
  97  7:13  Twilight Council  
  100  7:20  Pylon  
  100  7:23  Probe  
  100  7:24  Probe x2  
  100  7:29  Void Ray  
  99  7:36  Probe x2  
  105  7:42  Charge  
  105  7:45  Robotics Bay  
  105  7:54  Void Ray (Chrono Boost), Gateway x2  
  105  7:57  Gateway  
  109  8:06  Gateway  
  109  8:07  Void Ray (Chrono Boost)  
  109  8:20  Zealot  
  109  8:26  Void Ray (Chrono Boost), Robotics Facility  
  111  8:30  Colossus (Chrono Boost)  
  111  8:32  Pylon, Gateway  
  121  8:34  Gateway  
  121  8:35  Nexus  
  121  8:42  Pylon  
  121  8:43  Probe x3  
  124  8:50  Shield Battery  
  124  8:51  Shield Battery  
  124  8:53  Shield Battery, Sentry  
  124  8:54  Shield Battery, Sentry, Zealot  
  124  8:55  Probe, Shield Battery, Zealot  
  133  9:07  Void Ray  
  135  9:19  Sentry x2  
  135  9:20  Zealot x5  
  149  9:36  Pylon  
  147  9:39  Pylon x2  
  147  9:41  Pylon  
  147  9:44  Zealot x5  
  147  9:45  Zealot  
Show
View Real Time Build Order
Export as new Build Order

Future Terran 

Build Orders: Reaper Expand 

Get SALT Encoding   

  12  0:00  SCV  
  13  0:12  SCV  
  14  0:16  Supply Depot  
  14  0:24  SCV  
  15  0:38  SCV  
  15  0:39  Barracks  
  16  0:43  Refinery  
  16  0:50  SCV  
  17  1:02  SCV  
  18  1:14  SCV  
  19  1:27  Reaper, Orbital Command  
  20  1:41  Command Center  
  20  1:51  Supply Depot  
  20  1:53  SCV  
  21  1:59  Marine  
  22  2:05  SCV  
  23  2:09  Factory  
  23  2:17  SCV, Bunker  
  23  2:21  Barracks Reactor  
  24  2:26  Refinery  
  24  2:29  SCV  
  25  2:41  SCV  
  25  2:53  SCV  
  28  2:58  Hellion  
  28  2:59  Orbital Command, Marine x2  
  28  3:00  Starport  
  30  3:05  SCV  
  31  3:17  Marine x2  
  31  3:18  SCV  
  31  3:19  Widow Mine  
  36  3:24  SCV  
  37  3:30  SCV  
  38  3:35  Marine x2  
  38  3:37  SCV, Barracks  
  44  3:42  SCV  
  44  3:47  Viking, Factory Tech Lab  
  43  3:50  SCV, Supply Depot  
  43  3:54  SCV  
  45  4:02  SCV  
  46  4:03  Bunker  
  46  4:05  Marine x2  
  46  4:11  SCV, Cyclone  
  46  4:13  Supply Depot  
  50  4:17  Viking  
  50  4:19  SCV  
  50  4:23  SCV  
  51  4:26  Marine x2  
  53  4:31  SCV  
  53  4:35  SCV  
  53  4:36  Supply Depot  
  53  4:37  Barracks Tech Lab  
  55  4:43  Siege Tank  
  55  4:44  Marine x2  
  60  4:46  SCV  
  60  4:48  SCV  
  60  4:52  Supply Depot  
  62  4:57  Medivac, Marine  
  62  4:58  SCV  
  66  5:00  SCV  
  66  5:01  Combat Shield  
  66  5:02  Marine x2  
  69  5:08  Supply Depot  
  69  5:12  SCV  
  69  5:14  SCV  
  71  5:15  Marine  
  71  5:18  Barracks  
  71  5:19  Marine  
  71  5:20  Marine  
  74  5:22  Siege Tank  
  74  5:24  SCV  
  78  5:30  SCV  
  78  5:32  Refinery x2  
  78  5:33  Engineering Bay, Marine  
  80  5:36  SCV  
  80  5:37  Marine x2  
  80  5:42  SCV  
  84  5:46  Starport Reactor  
  84  5:50  SCV  
  84  5:51  Marine  
  84  5:53  Supply Depot  
  86  6:01  Supply Depot  
  86  6:06  Terran Infantry Weapons Level 1  
  86  6:12  Factory Reactor, Marine  
  86  6:13  Bunker, Marine  
  86  6:14  SCV x2  
  82  6:23  Marine x2  
  75  6:27  SCV x2  
  75  6:30  Marine  
  77  6:37  Stimpack  
  77  6:38  Marine  
  77  6:41  Marine  
  77  6:44  Barracks x2  
  77  6:45  Marine  
  72  6:48  Marine  
  72  6:51  Concussive Shells  
  68  6:56  Marine, Factory Tech Lab  
  68  6:59  Marine  
  68  7:00  Medivac x2  
  74  7:03  Marine  
  74  7:06  Marine  
  76  7:09  Command Center  
  76  7:14  Marine  
  76  7:15  Siege Tank  
  80  7:16  Marine  
  80  7:19  Supply Depot x2  
  80  7:20  Marine  
  82  7:23  Marine  
  81  7:32  Medivac x2, Marine  
  81  7:34  Marine x3  
  87  7:38  Marine  
  87  7:41  Marine  
  89  7:47  Siege Tank  
  89  7:50  Marine  
  93  7:52  Marine x2  
  91  7:58  Marine  
  91  7:59  Marine x2  
  91  8:03  Medivac x2  
  95  8:07  Marine  
  95  8:10  Marine x2  
  98  8:16  Marine  
  98  8:17  Marine x2  
  98  8:19  Siege Tank  
  104  8:25  Supply Depot, Marine  
  105  8:28  Marine x2  
  105  8:32  Liberator  
  105  8:33  Liberator  
  113  8:34  Marine  
  113  8:35  Marine x2  
  116  8:43  Marine  
  116  8:45  Marine  
  116  8:46  Marine  
  119  8:51  Siege Tank  
  119  8:52  Marine x2  
  119  8:53  Marine  
  125  8:56  Orbital Command  
  125  8:59  SCV  
  125  9:01  Marine  
  126  9:03  Marine  
  125  9:12  Marine x3  
  125  9:16  Marine  
  122  9:19  Marine  
  123  9:30  Marine x2  
  121  9:31  Marine  
  114  9:41  Marine  

Tags
 
Add a new tag
Caveats
  • Supply blocks, unpowered buildings, or Contaminate may cause inaccurate times.
  • Supply counts are checked every 10 seconds.